 Dungeon Sprint DCSS version 0.30.1-11-g7821555f0a (webtiles) character file.

Game seed: 2691246017960818400

28494 Heoruswealwe the Minotaur Porcupine (level 13, -8/141 HPs)
             Began as a Minotaur Fighter on Jan 11, 2024.
             Was an Initiate of Gozag.
             Mangled by a spark wasp (12 damage)
             ... in the Dungeon (Sprint IX: "|||||||||||||||||||||||||||||").
             The game lasted 00:30:34 (3289 turns).

Heoruswealwe the Minotaur Porcupine (MiFi)          Turns: 3289, Time: 00:30:39

Health: -8/141     AC: 17    Str: 27    XL:     13   Next: 10%
Magic:  12/12      EV: 10    Int:  5    God:    Gozag
Gold:   2043       SH:  0    Dex: 12    Spells: 12/12 levels left

rFire   + . .        b - +5 Lochaber axe {reach-cleave, Poleaxe Drain}
rCold   . . .        (shield currently unavailable)
rNeg    . . .        c - +0 plate armour {rF+}
rPois   +            (helmet restricted)
rElec   .            h - +0 cloak
rCorr   .            f - +0 pair of gloves
SInv    .            e - +0 pair of boots
Will    .....        (no amulet) Stlth
                     k - +3 ring of strength
HPRegen 0.43/turn    j - ring of poison resistance
MPRegen 0.13/turn

%: no teleportation
@: spiked, corroded
A: horns 2, retaliatory headbutt
a: Renounce Religion, Potion Petition, Call Merchant, Bribe Branch


You were in the Dungeon.
You worshipped Gozag.
Gozag was most pleased with you.
You visited 1 branch You collected 9718 gold pieces.
You spent 5793 gold pieces at shops.
You paid 1882 gold pieces to Gozag.

Inventory:

Hand Weapons
 a - a +0 trident
 b - the +5 Lochaber axe (weapon) {reach-cleave, Poleaxe Drain}
   (You bought it in a shop in the Dungeon)

   Poleaxe:   It uses either Axes or Polearms skill, whichever is higher.
   Drain:     It drains your maximum health when unequipped.
 l - the +8 Vampire's Tooth {megavamp}
   (You bought it in a shop in the Dungeon)
Armour
 c - a +0 plate armour of fire resistance (worn)
 d - a +1 tower shield
 e - a +0 pair of boots (worn)
 f - a +0 pair of gloves (worn)
 h - a +0 cloak (worn)
Jewellery
 j - a ring of poison resistance (right hand)
 k - a +3 ring of strength (left hand)
Wands
 i - a wand of flame (5)
 t - a wand of paralysis (3)
 z - a wand of roots (10)
Scrolls
 p - 2 scrolls of blinking
 q - 2 scrolls of enchant armour
Potions
 g - 3 potions of haste
 m - a potion of curing
 n - 2 potions of might
 o - 3 potions of resistance
 v - 2 potions of attraction {unknown}
Miscellaneous
 w - a box of beasts


   Skills:
 + Level 20.8 Fighting
 O Level 27 Polearms
 + Level 20.9 Armour
 + Level 4.9 Dodging
 + Level 6.6 Shields
 + Level 4.0 Evocations


You had 12 spell levels left.
You didn't know any spells.
Your spell library was empty.

Dungeon Overview and Level Annotations

Branches:
Dungeon (1/1)

Altars:
Cheibriados
Dithmenos
Elyvilon
Fedhas
Gozag
Hepliaklqana
Kikubaaqudgha
Makhleb
Nemelex Xobeh
Okawaru
Qazlal
Ru
Sif Muna
Trog
Uskayaw
Vehumet
Wu Jian
Xom
Yredelemnul
Zin
The Shining One
Jiyva
Lugonu

Shops:
D ((*(*(*


Innate Abilities, Weirdness & Mutations

You have a pair of horns on your head.
You reflexively headbutt those who attack you in melee.


Message History

The steelbarb worm is lightly wounded.
You hit the spark wasp. The steelbarb worm barely misses you.
You slice the steelbarb worm!! You headbutt the steelbarb worm!
The steelbarb worm is severely wounded.
You miss the spark wasp. The steelbarb worm hits you!
Barbed spikes become lodged in your body.
You barely miss the steelbarb worm.
The steelbarb worm is severely wounded.
You slash the spark wasp! The steelbarb worm closely misses you.
You furiously retaliate!
You headbutt the steelbarb worm, but do no damage.
You slice the steelbarb worm!!
You kill the steelbarb worm!
You closely miss the spark wasp.
Your Evocations skill increases to level 4!
You closely miss the spark wasp.
The spark wasp is moderately wounded.
The spark wasp stings you!! The spark wasp shocks you!
* * * LOW HITPOINT WARNING * * *
The radroach is distracted by your dazzling golden aura.
You closely miss the spark wasp. Your headbutt misses the spark wasp.
The spark wasp is moderately wounded.
The spark wasp closely misses you.
You barely miss the spark wasp. Your headbutt misses the spark wasp.
The spark wasp is lightly wounded.
The radroach is no longer distracted by gold.
The spark wasp stings you but does no damage.
You miss the spark wasp. Your headbutt misses the spark wasp.
The spark wasp is lightly wounded.
The spark wasp stings you!
* * * LOW HITPOINT WARNING * * *
The spark wasp shocks you!
* * * LOW HITPOINT WARNING * * *
You closely miss the spark wasp.
The spark wasp is lightly wounded.
You slash the radroach! The spark wasp stings you!
* * * LOW HITPOINT WARNING * * *
The spark wasp shocks you!
You die...
Your body crumbles into a pile of gold.

.▓.▓.▓.▓.▓.▓.▓.▓.▓,*,*,*,*,*,*,*,
.▓.▓'▓.▓.▓.▓.▓.▓.▓,*,*,*,*,*+*,*,
.▓.▓.▓.▓.▓.▓.▓.▓.▓,*,*,*,*,*,*,*,
.▓.▓.▓.▓.▓.▓'▓.▓.▓,*,*,*,*,*,*,*,
)▓.▓.▓.▓.▓.▓=▓.▓.▓,*,*,*,*,*,*,*+
.▓.▓.▓.▓.▓.▓=▓.▓.▓,*,*,*,*,*,*,*,
.▓.▓.▓.▓.▓.▓.▓.▓.▓,*,*,*+*,*,*,*,
.▓.▓.▓.▓'▓.▓=▓.▓.▓,*,*,*,*,*,*,*,
.▓.▓[▓.▓)▓.▓.▓.▓@▓,*,*,*,*,*,*,*,
.▓.▓!▓.▓.▓.▓)▓.▓y▓,*,*,*,*,*,*,*,
'▓.▓?▓.▓.▓.▓)▓.▓B▓,*,*,*,*,*,*,*,
_▓.▓?▓.▓.▓.▓)▓.▓.▓,*+*,*,*,*,*,*,
_▓.▓.▓.▓.▓.▓)▓.▓.▓,*,*,*,*,*,*,*,
_▓.▓.▓.▓.▓.▓)▓.▓.▓,*,*,*,*,*,*,*,
_▓.▓.▓.▓.▓.▓)▓.▓.▓,*,*,*,*,*,*,*,
_▓.▓'▓.▓.▓.▓)▓.▓.▓,*,*,*,*,*+*,*,
_▓.▓.▓.▓.▓.▓)▓.▓,*,*,*,*,*,*,*,*,


You could see a radroach and a spark wasp.

Vanquished Creatures
  A frost giant (D)
  A stone giant (D)
  A vampire knight (D)
  An ettin (D)
  2 hydras (D)
  An entropy weaver (D)
  A rakshasa (D)
  2 catoblepae (D)
  Harold (D)
  2 centaur warriors (D)
  Erica (D)
  A boulder beetle (D)
  2 death yaks (D)
  10 orc high priests (D)
  A hell knight (D)
  Sonja (D)
  2 steelbarb worms (D)
  2 deep elf pyromancers (D)
  An orc sorcerer (D)
  2 orc knights (D)
  An ugly thing (D)
  A wolf spider (D)
  2 manticores (D)
  An elephant (D)
  A demonic crawler (D)
  2 cane toads (D)
  A yaktaur (shapeshifter) (D)
  A komodo dragon (D)
  A rime drake (D)
  2 freezing wraiths (D)
  A tarantella (shapeshifter) (D)
  A blink frog (D)
  A wyvern (D)
  6 yaks (D)
  A basilisk (D)
  2 redbacks (D)
  4 water moccasins (D)
  12 orc warriors (D)
  A black bear (D)
  An ogre (D)
  2 centaurs (D)
  A kobold brigand (D)
  3 bullfrogs (D)
  A killer bee (D)
  A howler monkey (D)
  8 orc priests (D)
  A hound (D)
  3 orc wizards (D)
  An iguana (D)
  5 orcs (D)
  An endoplasm (D)
  A hobgoblin (D)
  A quokka (D)
  A kobold (D)
  A rat (D)
110 creatures vanquished.

Vanquished Creatures (others)
  An orc wizard (D)
1 creature vanquished.

Grand Total: 111 creatures vanquished

Notes
Turn   | Place    | Note
-------+----------+-------------------------------------------
     0 | D        | Heoruswealwe the Minotaur Fighter began the quest for the
                  | Orb.
     0 | D        | Reached XP level 1. HP: 19/19 MP: 0/0
    13 | D        | Reached skill level 3 in Polearms
    24 | D        | Noticed a hound
    24 | D        | Noticed an iguana
    24 | D        | Noticed a black bear
    24 | D        | Noticed an ogre
    26 | D        | Reached skill level 4 in Polearms
    27 | D        | Killed a hound
    28 | D        | Reached skill level 5 in Fighting
    28 | D        | Reached skill level 5 in Polearms
    28 | D        | Reached skill level 5 in Armour
    28 | D        | Reached XP level 2. HP: 29/29 MP: 1/1
    28 | D        | Reached XP level 3. HP: 36/36 MP: 2/2
    31 | D        | Reached skill level 6 in Polearms
    35 | D        | Killed a black bear
    36 | D        | Reached skill level 9 in Polearms
    36 | D        | Reached XP level 4. HP: 40/47 MP: 3/3
    36 | D        | Reached XP level 5. HP: 45/52 MP: 4/4
    39 | D        | Killed an ogre
    40 | D        | Reached skill level 10 in Polearms
    46 | D        | Found a snail-covered altar of Cheibriados.
    46 | D        | Found a shadowy altar of Dithmenos.
    46 | D        | Found a white marble altar of Elyvilon.
    46 | D        | Found a blossoming altar of Fedhas.
    46 | D        | Found an opulent altar of Gozag.
    47 | D        | Found a hazy altar of Hepliaklqana.
    48 | D        | Found a viscous altar of Jiyva.
    49 | D        | Found an ancient bone altar of Kikubaaqudgha.
    50 | D        | Found a corrupted altar of Lugonu.
    51 | D        | Found a burning altar of Makhleb.
    52 | D        | Found a sparkling altar of Nemelex Xobeh.
    53 | D        | Found an iron altar of Okawaru.
    54 | D        | Became a worshipper of Gozag Ym Sagoz the Greedy
    55 | D        | Found a stormy altar of Qazlal.
    56 | D        | Found a sacrificial altar of Ru.
    57 | D        | Found a shimmering blue altar of Sif Muna.
    58 | D        | Found a bloodstained altar of Trog.
    59 | D        | Found a hide-covered altar of Uskayaw.
    60 | D        | Found a radiant altar of Vehumet.
    61 | D        | Found an ornate altar of the Wu Jian Council.
    62 | D        | Found a shimmering altar of Xom.
    63 | D        | Found a basalt altar of Yredelemnul.
    64 | D        | Found a glowing silver altar of Zin.
    65 | D        | Found a glowing golden altar of the Shining One.
   132 | D        | Noticed a centaur
   132 | D        | Noticed a centaur
   132 | D        | Noticed an orc warrior
   136 | D        | Killed a centaur
   137 | D        | Reached skill level 11 in Polearms
   137 | D        | Reached XP level 6. HP: 62/62 MP: 5/5
   147 | D        | Reached skill level 12 in Polearms
   150 | D        | Reached XP level 7. HP: 54/71 MP: 6/6
   155 | D        | Reached skill level 10 in Fighting
   155 | D        | Reached skill level 13 in Polearms
   155 | D        | Reached skill level 10 in Armour
   270 | D        | Noticed a centaur warrior
   270 | D        | Noticed a yaktaur
   270 | D        | Noticed a boulder beetle
   270 | D        | Noticed a centaur warrior
   270 | D        | Noticed a manticore
   275 | D        | Killed a centaur warrior
   276 | D        | Reached skill level 15 in Polearms
   276 | D        | Reached XP level 8. HP: 75/82 MP: 7/7
   281 | D        | Killed a boulder beetle
   282 | D        | Reached skill level 16 in Polearms
   287 | D        | Killed a yaktaur
   288 | D        | Reached skill level 17 in Polearms
   288 | D        | Reached XP level 9. HP: 69/92 MP: 8/8
   294 | D        | Killed a centaur warrior
   295 | D        | Reached skill level 18 in Polearms
   297 | D        | Killed a manticore
   439 | D        | Noticed Erica
   447 | D        | Killed Erica
   448 | D        | Reached skill level 19 in Polearms
   678 | D        | Noticed a komodo dragon
   679 | D        | Noticed a six-headed hydra
   681 | D        | Killed a komodo dragon
   685 | D        | Reached XP level 10. HP: 92/104 MP: 9/9
   697 | D        | Killed a 14-headed hydra
   698 | D        | Reached skill level 20 in Polearms
   703 | D        | Reached skill level 15 in Fighting
   703 | D        | Reached skill level 15 in Armour
   976 | D        | Noticed a cane toad
   976 | D        | Noticed a seven-headed hydra
   983 | D        | Noticed a cane toad
   983 | D        | Killed a cane toad
   988 | D        | Killed a ten-headed hydra
   989 | D        | Reached skill level 21 in Polearms
   989 | D        | Noticed an elephant
  1004 | D        | Killed a cane toad
  1009 | D        | Killed an elephant
  1120 | D        | Noticed a death yak
  1120 | D        | Noticed a catoblepas
  1120 | D        | Noticed a catoblepas
  1128 | D        | Noticed a death yak
  1135 | D        | Killed a death yak
  1136 | D        | Reached skill level 22 in Polearms
  1136 | D        | Reached XP level 11. HP: 115/115 MP: 10/10
  1141 | D        | Killed a catoblepas
  1155 | D        | Killed a catoblepas
  1169 | D        | Killed a death yak
  1181 | D        | Reached skill level 23 in Polearms
  1385 | D        | Noticed an orc high priest
  1392 | D        | Killed an orc high priest
  1522 | D        | Noticed an orc knight
  1524 | D        | Noticed an orc sorcerer
  1531 | D        | Killed an orc knight
  1541 | D        | Killed an orc sorcerer
  1606 | D        | Reached skill level 24 in Polearms
  1669 | D        | Found Xodir's Weapon Emporium.
  1669 | D        | Noticed an orc high priest
  1669 | D        | Noticed an orc high priest
  1669 | D        | Noticed an orc high priest
  1669 | D        | Noticed an orc high priest
  1669 | D        | Noticed an orc high priest
  1670 | D        | Noticed a sixfirhy
  1679 | D        | Killed an orc high priest
  1682 | D        | Noticed a sun demon
  1699 | D        | Killed an orc high priest
  1701 | D        | Noticed a sixfirhy
  1702 | D        | Killed an orc high priest
  1708 | D        | Killed an orc high priest
  1715 | D        | Killed an orc high priest
  1716 | D        | Reached XP level 12. HP: 49/128 MP: 11/11
  1717 | D        | Noticed an orc high priest
  1734 | D        | Killed an orc high priest
  1735 | D        | Reached skill level 25 in Polearms
  1945 | D        | Found Vuqotoin's Weapon Shoppe.
  1958 | D        | Found Opeurr's Assorted Antiques.
  1962 | D        | Found Qiarug Ihi's Antique Weapon Shoppe.
  1964 | D        | Noticed an orc high priest
  1965 | D        | Noticed an orc high priest
  1990 | D        | Killed an orc high priest
  1996 | D        | Killed an orc high priest
  2005 | D        | Noticed an orc high priest
  2053 | D        | HP: 3/130 [orc priest/divine providence (12)]
  2054 | D        | HP: 1/130 [orc priest/divine providence (13)]
  2090 | D        | Killed an orc high priest
  2452 | D        | Bought a potion of curing for 78 gold pieces
  2452 | D        | Bought a scroll labelled NAJUXT BEATAW for 26 gold pieces
  2452 | D        | Bought a metallic pink potion for 23 gold pieces
  2452 | D        | Bought a gold wand for 104 gold pieces
  2452 | D        | Bought a blue potion for 23 gold pieces
  2452 | D        | Bought 2 bubbling cyan potions for 46 gold pieces
  2452 | D        | Bought a metallic pink potion for 23 gold pieces
  2452 | D        | Bought a box of beasts for 1040 gold pieces
  2452 | D        | Bought a scroll labelled RALLADAO KUIDGH for 26 gold pieces
  2465 | D        | Bought a blue potion for 29 gold pieces
  2465 | D        | Bought a scroll of blinking for 247 gold pieces
  2468 | D        | Bought the +5 Lochaber axe {reach-cleave, Poleaxe Drain}
                  | for 1416 gold pieces
  2468 | D        | Found the +5 Lochaber axe {reach-cleave, Poleaxe Drain}
  2468 | D        | Bought the +8 Vampire's Tooth {megavamp} for 2400 gold
                  | pieces
  2468 | D        | Found the +8 Vampire's Tooth {megavamp}
  2473 | D        | Bought a scroll of identify for 42 gold pieces
  2473 | D        | Bought a scroll of identify for 42 gold pieces
  2473 | D        | Bought a potion of resistance for 210 gold pieces
  2473 | D        | Bought a metallic pink potion for 18 gold pieces
  2527 | D        | Noticed Harold
  2536 | D        | Killed Harold
  2641 | D        | Noticed Sonja
  2646 | D        | Killed Sonja
  2859 | D        | Reached skill level 26 in Polearms
  2859 | D        | Noticed an ettin
  2861 | D        | Noticed a frost giant
  2864 | D        | Noticed a vampire knight
  2877 | D        | Killed an ettin
  2879 | D        | Killed a frost giant
  2882 | D        | Killed a vampire knight
  2883 | D        | Reached skill level 27 in Polearms
  2900 | D        | Noticed a stone giant
  2901 | D        | Noticed a rakshasa
  2906 | D        | HP: 2/133 [stone giant (17)]
  2910 | D        | Killed a stone giant
  2911 | D        | Reached skill level 1 in Dodging
  2911 | D        | Reached skill level 1 in Evocations
  2928 | D        | Killed a rakshasa
  2929 | D        | Reached skill level 5 in Shields
  3255 | D        | Noticed an entropy weaver
  3267 | D        | Reached XP level 13. HP: 141/141 MP: 12/12
  3271 | D        | Noticed a spark wasp
  3289 | D        | HP: 4/141 [spark wasp (13)]
  3289 | D        | Mangled by a spark wasp

Illustrated notes

Levels and vault maps discovered:
D:        linesprint [early_d, line_temple, items_1, d_10, items_2, lair_1,
          lair_end, items_3, orc_1, orc_end, items_4, d_15, swamp_1, shoals_1,
          snake_1, spider_1, d_20, vaults_1, items_5, swamp_end, shoals_end,
          snake_end, spider_end, vaults_end, d_27, items_6, zot_1, zot_end,
          crypt_end, forest_end, elf_end, slime_end, tomb_end, abyss_end,
          pan_hell_end]

Skill      XL: |  1  2  3  4  5  6  7  8  9 10 11 12 13 |
---------------+----------------------------------------+-----
Polearms       | 5 9 11 12 15 17 19 22 24 27 | 27.0
Fighting       | 5 7 8 9 11 12 14 16 18 20 | 20.8
Armour         | 5 7 8 9 11 12 14 16 18 20 | 20.9
Dodging        | 3 4 |  4.9
Shields        | 5 6 |  6.6
Evocations     | 3 4 |  4.0

Action                     |  1- 3 |  4- 6 |  7- 9 | 10-12 | 13-15 || total
---------------------------+-------+-------+-------+-------+-------++-------
  Melee: Trident           |    24 |     4 |       |       |       ||    28
         Headbutt          |     5 |     2 |    16 |    74 |     5 ||   102
         Halberd           |       |    14 |    48 |   155 |       ||   217
         Glaive            |       |       |       |   101 |       ||   101
         Lochaber axe      |       |       |       |    58 |    23 ||    81
 Invoke: Call Merchant     |       |       |       |     3 |       ||     3
    Use: Potion            |       |       |       |    13 |       ||    13
         Scroll            |       |       |       |     7 |       ||     7
   Stab: Distracted        |       |       |     1 |     1 |       ||     2
         Petrified         |       |       |       |     2 |       ||     2
 Armour: Scale mail        |     6 |       |       |       |       ||     6
         Plate armour      |       |    13 |    18 |   179 |     8 ||   218
  Dodge: Dodged            |     7 |    11 |    10 |    81 |     7 ||   116
  Block: Buckler           |    12 |       |       |       |       ||    12
